 Dungeon Crawl Stone Soup version 0.27-a0-498-g7ecbb0a48f (webtiles) character file.

Game seed: 11276552622693633441

5322 hehateme the Caller (level 10, -3/74 HPs)
             Began as a Demonspawn Gladiator on Mar 2, 2021.
             Was an Initiate of Gozag.
             Slain by an orc warrior
             ... wielding a +2 mace of protection
              (17 damage)
             ... on level 8 of the Dungeon on Mar 3, 2021.
             The game lasted 00:28:35 (13364 turns).

hehateme the Caller (Demonspawn Gladiator)         Turns: 13364, Time: 00:28:35

Health: -3/74      AC: 19    Str: 22    XL:     10   Next: 38%
Magic:  1/17       EV: 12    Int: 10    God:    Gozag
Gold:   1176       SH:  0    Dex: 16    Spells: 15/19 levels left

rFire    . . .     SeeInvis .   j - +1 hand axe (freeze)
rCold    . . .     Faith    .   (no shield)
rNeg     . . .     Spirit   .   G - +4 scale mail {Will+}
rPois    .         Reflect  .   (helmet restricted)
rElec    +         Harm     .   x - +1 cloak
rCorr    .         Rampage  .   h - +0 pair of gloves
Will     +....                  k - +0 pair of boots
Stlth    ..........             (no amulet)
HPRegen  0.22/turn              D - +6 ring of strength
MPRegen  0.15/turn              (no ring)

@: studying 2 skills
A: horns 2, thin metallic scales 3, demonic guardian 1
a: Renounce Religion, Potion Petition, Call Merchant, Bribe Branch


You were on level 8 of the Dungeon.
You worshipped Gozag.
Gozag was most pleased with you.
You visited 2 branches of the dungeon, and saw 10 of its levels.
You also visited: Bailey.

You collected 1785 gold pieces.
You spent 368 gold pieces at shops.
You paid 241 gold pieces to Gozag.

Inventory:

Hand Weapons
 j - a +1 hand axe of freezing (weapon)
Missiles
 d - 3 throwing nets {=f}
 l - 265 stones (quivered)
 o - 147 arrows
 u - 75 sling bullets
 K - 12 javelins
 R - 40 bolts
 Y - 12 poisoned darts
Armour
 h - a +0 pair of gloves (worn)
 i - the +9 scales of the Dragon King {rPois rF+ rC+ Will+}
   (You found it on level 8 of the Dungeon)

   It protects you from fire.
   It protects you from cold.
   It protects you from poison.
   It affects your willpower, your defense against some magical effects.
 k - a +0 pair of boots (worn)
 x - a +1 cloak (worn)
 A - a +0 ring mail
 E - the +2 scale mail of Jetoan {rElec}
   (You found it on level 6 of the Dungeon)

   It insulates you from electricity.
 G - a +4 scale mail of willpower (worn)
 H - the +1 scale mail of the Moon Troll {*Drain rElec Regen+ rCorr}
   (You bought it in a shop on level 7 of the Dungeon)

   It insulates you from electricity.
   It increases your rate of regeneration.
   It provides partial protection from all sources of acid and corrosion.
   It causes draining when unequipped.
 M - the +4 scale mail "Kippecer" {Will+}
   (You found it on level 7 of the Dungeon)

   It affects your willpower, your defense against some magical effects.
 O - the +27 Lear's hauberk
   (You found it on level 7 of the Dungeon)
Jewellery
 b - a +4 ring of protection
 D - a +6 ring of strength (left hand)
 F - an amulet of regeneration
 J - an amulet of faith {Faith, !P}
 W - a ring of flight
Wands
 B - a wand of acid (4)
 T - a wand of polymorph (6)
Scrolls
 f - 4 scrolls of magic mapping {unknown}
 m - 2 scrolls of fear
 r - 2 scrolls of immolation {!r}
 s - 2 scrolls of blinking {unknown}
 t - a scroll of teleportation
 v - 6 scrolls of enchant armour {unknown}
 y - a scroll of random uselessness
 z - 3 scrolls of enchant weapon {unknown}
 I - a scroll of torment {unknown}
 L - a scroll of fog {unknown}
 V - 2 scrolls of summoning {unknown}
 X - a scroll of amnesia {unknown}
Potions
 a - 2 potions of lignification {!q}
 c - 2 potions of flight
 e - 2 potions of degeneration {!q}
 g - 2 potions of magic
 n - a potion of haste
 p - 5 potions of heal wounds
 q - a potion of brilliance
 w - 2 potions of resistance
 C - 3 potions of curing
 S - 3 potions of might {unknown}
 U - a potion of invisibility
Miscellaneous
 N - a phantom mirror
 P - a lightning rod (inert)
 Q - a tin of tremorstones (inert)


   Skills:
 - Level 5.2 Fighting
 - Level 4.8(5.3) Axes
 - Level 3.2(4.5) Polearms
 - Level 1.7 Throwing
 - Level 3.8 Armour
 - Level 3.8 Dodging
 * Level 5.0 Spellcasting
 + Level 7.4 Summonings
 + Level 6.8 Air Magic
 - Level 2.2 Evocations


You had 15 spell levels left.
You knew the following spells:

 Your Spells              Type           Power        Failure   Level
a - Summon Lightning Spi  Summ/Air       16%          30%         4

Your spell library contained the following spells:

 Spells                   Type           Power        Failure   Level
 Summon Small Mammal      Summ           68%          2%          1
 Call Imp                 Summ           17%          4%          2
 Call Canine Familiar     Summ           17%          9%          3
 Summon Guardian Golem    Hex/Summ       10%          36%         3
 Corona                   Hex            2%           50%         1
 Magic Dart               Conj           8%           50%         1
 Mephitic Cloud           Conj/Pois/Air  7%           56%         3
 Blink                    Tloc           N/A          65%         2
 Ensorcelled Hibernation  Hex/Ice        4%           65%         2
 Slow                     Hex            2%           65%         2
 Summon Ice Beast         Ice/Summ       10%          77%         4
 Confusing Touch          Hex            2%           86%         3
 Conjure Flame            Conj/Fire      2%           86%         3
 Dazzling Flash           Conj/Hex       4%           86%         3
 Tukima's Dance           Hex            2%           86%         3
 Lightning Bolt           Conj/Air       4%           98%         5
 Iron Shot                Conj/Erth      1%           100%        6
 Orb of Destruction       Conj           1%           100%        7


Dungeon Overview and Level Annotations

Branches:
Dungeon (9/15)             Temple (1/1) D:4          Bailey (visited)
   Lair: D:8-11         Orc: D:9-12

Altars:
Ashenzari
Elyvilon
Fedhas
Gozag
Hepliaklqana
Kikubaaqudgha
Makhleb
Nemelex Xobeh
Okawaru
Qazlal
Ru
Trog
Uskayaw
Vehumet
Wu Jian
Xom
Yredelemnul
The Shining One

Shops:
D:7 [

Annotations:
D:4 2 transporters, Aneyh's ghost, amateur BaAK
D:5 1 runed translucent door, jasper's ghost, weakling DEDe


Innate Abilities, Weirdness & Mutations

You have a pair of horns on your head.
You are completely covered in thin metallic scales. (AC +4, rElec)
A weak demonic guardian rushes to your aid.


Message History

The nameless horror hits you.
You take 3 damage, and have 45/74 hp.
You hit the nameless horror. You freeze the nameless horror.
You hit the orc warrior. You freeze the orc warrior.
The orc warrior hits you with a +2 mace of protection.
The nameless horror hits you but does no damage.
You take 6 damage, and have 39/74 hp.
You hit the nameless horror. You freeze the nameless horror.
You barely miss the orc warrior. The orc warrior closely misses you.
The nameless horror hits you.
* * * LOW HITPOINT WARNING * * *
You feel your power leaking away.
* * * LOW MAGIC WARNING * * *
You take 2 damage, and have 37/74 hp.
You now have 0/17 mp.
You hit the nameless horror. You freeze the nameless horror.
You destroy the nameless horror!
That felt strangely unrewarding.
You hit the orc warrior but do no damage.
The orc warrior hits you but does no damage.
Your magical contamination has completely faded away.
You hit the orc warrior but do no damage.
The orc warrior closely misses you.
You hit the orc warrior but do no damage.
The orc warrior hits you with a +2 mace of protection.
* * * LOW HITPOINT WARNING * * *
You take 1 damage, and have 37/74 hp.
You hit the orc warrior. You freeze the orc warrior.
You hit the orc warrior but do no damage.
The orc warrior hits you with a +2 mace of protection!
* * * LOW HITPOINT WARNING * * *
You take 9 damage, and have 28/74 hp.
You hit the orc warrior but do no damage.
The orc warrior hits you with a +2 mace of protection!
* * * LOW HITPOINT WARNING * * *
A demonic guardian appears!
You take 14 damage, and have 14/74 hp.
You hit the orc warrior but do no damage.
The orc warrior hits you with a +2 mace of protection!
You die...
Your body crumbles into a pile of gold.

##.......# #####
#........####...##
..........##.....##
..).....#.##......##
........#..#.......#
........##.#..>....##
.......####....5....#
.......# #.........#
......## ##.....@...#
.....## ##.....[o...#
.....# ##...#.>.....#
...#####...###.....##
.### ##...## ##...##
## ##.....## #..##
##.......# ####
##........##
##..........#

Skill      XL: |  1  2  3  4  5  6  7  8  9 10 |
---------------+-------------------------------+-----
Polearms       | 3 |  3.2
Armour         | 1 2 3 |  3.8
Dodging        | 3 |  3.8
Axes           | 1 2 3 4 |  4.8
Fighting       | 3 4 5 |  5.2
Evocations     | 1 2 |  2.2
Summonings     | 4 6 7 |  7.4
Air Magic      | 4 6 |  6.8
Spellcasting   | 3 5 |  5.0
Throwing       | |  1.7

Notes
Turn   | Place    | Note
-------+----------+-------------------------------------------
     0 | D:1      | hehateme the Demonspawn Gladiator began the quest for the
                  | Orb.
     0 | D:1      | Reached XP level 1. HP: 16/16 MP: 1/1
   544 | D:1      | Gained mutation: You are partially covered in thin metallic
                  | scales. (AC +2) [demonic ancestry]
   544 | D:1      | Reached XP level 2. HP: 18/22 MP: 2/2
   607 | D:1      | Reached skill level 3 in Polearms
   888 | D:1      | Reached XP level 3. HP: 28/28 MP: 3/3
  1244 | D:2      | Reached skill level 1 in Armour
  1298 | D:2      | Found an opulent altar of Gozag.
  1358 | D:2      | Became a worshipper of Gozag Ym Sagoz the Greedy
  1376 | D:2      | Reached skill level 3 in Dodging
  1627 | D:2      | Reached skill level 1 in Axes
  1896 | D:2      | Reached XP level 4. HP: 34/34 MP: 4/4
  2583 | D:3      | Found a faded altar of an unknown god.
  2697 | D:3      | You fall into a shaft and drop 2 floors!
  2697 | D:5      | Entered Level 5 of the Dungeon
  2715 | D:5      | Found a runed translucent door.
  2716 | D:5      | Noticed jasper's ghost (weakling DEDe)
  2726 | D:4      | Reached skill level 2 in Axes
  2726 | D:4      | Gained mutation: You have a pair of small horns on your
                  | head. [demonic ancestry]
  2726 | D:4      | Reached XP level 5. HP: 40/40 MP: 5/5
  2736 | D:4      | Found a transporter.
  2739 | D:4      | Noticed Aneyh's ghost (amateur BaAK)
  2760 | D:4      | Found a transporter.
  2882 | D:4      | Reached skill level 3 in Fighting
  3273 | D:4      | Found a broken altar of Ashenzari.
  3840 | D:4      | Found a staircase to the Ecumenical Temple.
  3849 | Temple   | Entered the Ecumenical Temple
  4098 | D:4      | Reached skill level 2 in Armour
  4456 | D:5      | Noticed a necrophage
  4476 | D:5      | Killed a necrophage
  4477 | D:5      | Reached XP level 6. HP: 36/47 MP: 6/6
  4574 | D:5      | Reached skill level 3 in Axes
  4842 | D:5      | Noticed an ice beast
  4849 | D:5      | Killed an ice beast
  4850 | D:5      | Reached skill level 1 in Evocations
  4850 | D:5      | Gained mutation: You have a pair of horns on your head.
                  | [demonic ancestry]
  4850 | D:5      | Reached XP level 7. HP: 53/53 MP: 7/7
  4956 | D:5      | Reached skill level 4 in Fighting
  4956 | D:5      | Reached skill level 2 in Evocations
  5314 | D:6      | Reached skill level 4 in Axes
  5449 | D:6      | Reached skill level 3 in Armour
  5923 | D:6      | Identified the +2 scale mail of Jetoan {rElec}
  6026 | D:6      | Gained mutation: You are mostly covered in thin metallic
                  | scales. (AC +3) [demonic ancestry]
  6026 | D:6      | Reached XP level 8. HP: 53/61 MP: 8/8
  6027 | D:6      | Reached skill level 5 in Fighting
  6584 | D:7      | Found Yroegiv's Antique Armour Shop.
  6595 | D:7      | Bought a glowing scale mail for 161 gold pieces
  6595 | D:7      | Bought a heavily runed scale mail for 207 gold pieces
  6595 | D:7      | Identified the +1 scale mail of the Moon Troll {*Drain
                  | rElec Regen+ rCorr} (You bought it in a shop on level 7 of
                  | the Dungeon)
  6734 | D:7      | Reached skill level 1 in Summonings
  6734 | D:7      | Reached skill level 1 in Air Magic
  6750 | D:7      | Found a blossoming altar of Fedhas.
  6901 | D:7      | Noticed a deep elf pyromancer
  6901 | D:7      | Noticed a slime creature
  6931 | D:6      | Killed a slime creature
  6932 | D:6      | Reached skill level 2 in Summonings
  6932 | D:6      | Reached skill level 2 in Air Magic
  7048 | D:6      | Learned a level 4 spell: Summon Lightning Spire
  7447 | D:7      | Reached skill level 3 in Summonings
  7520 | D:7      | Reached skill level 3 in Air Magic
  7549 | D:7      | Reached skill level 4 in Summonings
  7972 | D:7      | Reached skill level 4 in Air Magic
  7972 | D:7      | Gained mutation: A weak demonic guardian rushes to your
                  | aid. [demonic ancestry]
  7972 | D:7      | Reached XP level 9. HP: 61/68 MP: 9/9
  8021 | D:7      | Found the +27 Lear's hauberk
  8023 | D:7      | Identified the +4 scale mail "Kippecer" {Will+}
  8023 | D:7      | Identified Eqiserph's Almanac of Blows and Bruises
  8288 | D:7      | Noticed Duvessa
  8288 | D:7      | Noticed Dowan
  8296 | D:7      | Killed Duvessa
  8296 | D:7      | Killed Dowan
  8297 | D:7      | Reached skill level 5 in Summonings
  8623 | D:7      | Reached skill level 5 in Air Magic
  9022 | D:7      | Reached skill level 6 in Summonings
  9241 | D:7      | Found a shimmering altar of Xom.
  9522 | D:7      | Killed a deep elf pyromancer
  9523 | D:7      | Reached skill level 2 in Spellcasting
  9614 | D:8      | Found the +9 scales of the Dragon King {rPois rF+ rC+
                  | Will+}
  9689 | D:8      | Reached skill level 6 in Air Magic
  9897 | D:8      | Reached skill level 3 in Spellcasting
 10152 | D:8      | Found a flagged portal.
 10169 | Bailey   | Entered a bailey
 10558 | Bailey   | Gained mutation: You are completely covered in thin
                  | metallic scales. (AC +4, rElec) [demonic ancestry]
 10558 | Bailey   | Reached XP level 10. HP: 69/74 MP: 15/15
 10909 | Bailey   | Reached skill level 7 in Summonings
 11395 | Bailey   | Reached skill level 4 in Spellcasting
 11622 | Bailey   | HP: 18/74 [orc warrior/+0 glaive (9)]
 11630 | Bailey   | HP: 13/74 [orc warrior/+0 glaive (7)]
 12596 | D:8      | Found a stormy altar of Qazlal.
 12600 | D:8      | Found a glowing golden altar of the Shining One.
 12601 | D:8      | Found an ornate altar of the Wu Jian Council.
 12601 | D:8      | Found a shimmering altar of Xom.
 12601 | D:8      | Found a blossoming altar of Fedhas.
 12601 | D:8      | Found a bloodstained altar of Trog.
 12606 | D:8      | Found a basalt altar of Yredelemnul.
 12608 | D:8      | Found a radiant altar of Vehumet.
 13003 | D:9      | Noticed Grum
 13031 | D:9      | Killed Grum
 13039 | D:8      | Reached skill level 5 in Spellcasting
 13343 | D:8      | Noticed a nameless horror
 13357 | D:8      | Killed a nameless horror
 13363 | D:8      | HP: 14/74 [orc warrior/+2 mace of protection (14)]
 13364 | D:8      | Slain by an orc warrior

Table legend: (Time is in decaauts)
 A = Elapsed time spent in this place.
 B = Non-inter-level travel time spent in this place.
 C = Inter-level travel time spent in this place.
 D = Time resting spent in this place.
 E = Time spent auto-exploring this place.
 F = Levels seen in this place.
 G = Mean time per level.
                   A        B        C        D        E       F      G
               +--------+--------+--------+--------+--------+-----+--------+
         Total |  13449 |  13036 |    413 |   4249 |   6735 |  11 | 1222.6 |
       Dungeon |  11299 |  10898 |    401 |   2961 |   6265 |   9 | 1255.4 |
        Temple |     34 |     22 |     12 |      0 |     21 |   1 |   34.0 |
        Bailey |   2114 |   2114 |      0 |   1288 |    449 |   1 | 2114.0 |
               +--------+--------+--------+--------+--------+-----+--------+

Top non-repeatable levels by time:
     D:6: 2143 daAuts
     D:7: 2138 daAuts
  Bailey: 2114 daAuts
     D:4: 1615 daAuts
     D:8: 1549 daAuts
     D:2: 1200 daAuts
     D:1: 1179 daAuts
     D:5: 970 daAuts
     D:3: 344 daAuts
     D:9: 158 daAuts
  Temple: 34 daAuts

Table legend:
 A = Kills in this place as a percentage of kills in entire the game.
 B = Kills by you in this place as a percentage of kills by you in the entire game.
 C = Kills by friends in this place as a percentage of kills by friends in the entire game.
 D = Other kills in this place as a percentage of other kills in the entire game.
 E = Experience gained in this place as a percentage of experience gained in the entire game.
 F = Experience gained in this place divided by the number of levels of this place that you have seen.
                   A       B       C       D       E      F
               +-------+-------+-------+-------+-------+----------------------
         Total | 100.0 | 100.0 | 100.0 |   N/A | 100.0 | 691.3
       Dungeon |  85.1 |  87.8 |  12.5 |   N/A |  79.9 | 674.8
        Bailey |  14.9 |  12.2 |  87.5 |   N/A |  20.1 | 1531.0
               +-------+-------+-------+-------+-------+----------------------

Action                   |  1- 3 |  4- 6 |  7- 9 | 10-12 || total
-------------------------+-------+-------+-------+-------++-------
Melee: Trident           |    52 |       |       |       ||    52
       Hand axe          |    53 |   130 |   368 |   124 ||   675
       Headbutt          |       |    18 |    77 |    23 ||   118
Throw: Stone             |    66 |    20 |   172 |     6 ||   264
       Dart              |     6 |    71 |    24 |    13 ||   114
 Cast: Summon Lightning  |       |       |       |     5 ||     5
Invok: Potion Petition   |       |       |       |     1 ||     1
Evoke: Wand              |       |     1 |     7 |       ||     8
       Lightning rod     |       |       |     3 |     2 ||     5
       Tin of tremorston |       |       |     2 |       ||     2
  Use: Scroll            |       |       |    14 |       ||    14
 Stab: Distracted        |       |       |     2 |       ||     2
Armor: Leather armour    |    37 |    31 |       |       ||    68
       Ring mail         |       |    17 |    50 |       ||    67
       Scale mail        |       |       |   152 |    86 ||   238
Dodge: Dodged            |    66 |    89 |   272 |   108 ||   535

Vanquished Creatures
  A deep elf pyromancer (D:7)
  A nameless horror (D:8)
  A slime creature (D:6)
  A basilisk (D:7)
  Grum (D:9)
  A steam dragon (D:7)
  Duvessa (D:7)
  8 orc warriors (Bailey)
  2 sky beasts (D:8)
  3 ice beasts
  2 necrophages
  6 ogres
  2 wolves
  7 centaurs
  A gnoll sergeant (D:6)
  6 bullfrogs
  Dowan (D:7)
  A scorpion (D:7)
  8 wights
  An electric eel (D:8)
  A bullfrog skeleton (D:6)
  An orc priest (D:5)
  2 hounds
  A jelly (D:6)
  2 centaur skeletons
  An orc wizard (D:4)
  8 worker ants
  9 gnolls
  A howler monkey skeleton (D:6)
  9 adders
  2 white imps
  2 ufetubi (D:7)
  3 oozes
  3 adder zombies
  3 adder skeletons
  4 worms
  2 dart slugs
  6 leopard geckos
  31 orcs
  6 giant cockroaches
  9 goblins
  6 hobgoblins
  10 jackals
  6 quokkas
  9 bats
  6 frilled lizards
  A jackal skeleton (D:4)
  7 kobolds
  8 rats
214 creatures vanquished.

Vanquished Creatures (collateral kills)
  An orc warrior (Bailey)
  A bullfrog (D:7)
  6 orcs (Bailey)
8 creatures vanquished.

Vanquished Creatures (others)
  5 dream sheep (D:7)
  An orc (Bailey)
  3 fungi (D:9)
  A plant (D:9)
10 creatures vanquished.

Grand Total: 232 creatures vanquished You could see an orc warrior (ally target) and a friendly iron imp (summoned).

Levels and vault maps discovered:
D:1:      ncdulo_wetmaze, layout_basic
D:2:      layout_basic, grunt_gozag_breadcrumbs, minmay_heptomino_o4
D:3:      layout_rooms, chequers_ecumenical_altar_twisty, nrook_loot_triangle,
          chequers_serial_rivers_room_b
D:4:      layout_loops_ring, nicolae_ashenzari_panopticon,
          minmay_temple_entry_statues_fountains, gammafunk_ghost_stat_death,
          grunt_ministairs_9
D:5:      layout_cave_pools, gammafunk_ghost_grave, minmay_manual_mullet
D:6:      layout_loops_ring
D:7:      minmay_the_grid_octo_triangle [minmay_the_grid_octo_odd_swirl,
          minmay_the_grid_octo_prize_square_snowflake,
          minmay_the_grid_octo_vomiting_pacman], layout_loops_cross,
          serial_shops, nicolae_shop_waterfront, nrook_mini_backslash,
          kb_xom_exploding_sheep, uniq_duvessa
D:8:      cheibrodos_helix_gallery, layout_cave_pods, minitemple, enter_bailey_3
D:9:      layout_long_grid, dpeg_oklobed_lair, basic_altar,
          minmay_misc_feat_nine_boxes, st_stairs_11, bh_walls_and_bars,
          uniq_gastronok, uniq_psyche, uniq_grum
Temple:   minmay_temple_bridge_abc
